Map: Orbital Shipyard

Players

lesha - Winner!

  • Race: Terran Terran
  • League: Silver

TriggerFish

  • Race: Zerg Zerg
  • League: Gold

VOD

Have the link to the VOD?

Description

Time

  • Played on: Jan. 3, 2016, 7:14 a.m.
  • Length: 18:35
Show
View Real Time Build Order
Export as new Build Order

lesha Terran - Winner!

Build Orders: Reaper Expand, MMM Bio 

Get SALT Encoding   

  12  0:01  SCV  
  13  0:13  SCV  
  14  0:21  Supply Depot  
  14  0:25  SCV  
  15  0:43  SCV  
  15  0:45  Barracks  
  16  0:52  Refinery  
  16  0:55  SCV  
  17  1:07  SCV  
  18  1:19  SCV  
  19  1:31  Orbital Command  
  19  1:34  Reaper  
  20  1:46  Command Center  
  20  1:55  Supply Depot  
  20  2:03  Barracks  
  20  2:04  SCV  
  21  2:13  Barracks Reactor  
  21  2:30  Refinery  
  21  2:31  SCV  
  21  2:32  Factory  
  21  2:47  SCV  
  22  2:51  Marine  
  22  2:52  Marine  
  22  2:53  Barracks Tech Lab  
  24  2:59  SCV  
  24  3:01  Barracks  
  24  3:05  Orbital Command  
  25  3:10  Marine x2  
  25  3:11  SCV  
  28  3:15  Marauder  
  30  3:21  Factory Reactor  
  30  3:26  Starport  
  30  3:28  SCV  
  31  3:35  SCV  
  31  3:38  Marine  
  31  3:40  SCV  
  34  3:41  Marine  
  34  3:47  SCV  
  36  3:50  Barracks Reactor  
  36  3:54  Stimpack  
  36  3:58  SCV, Engineering Bay  
  36  3:59  SCV  
  36  4:01  Marine x2  
  40  4:04  Marine  
  40  4:06  Starport Reactor  
  41  4:11  SCV x2  
  43  4:23  Marine x2  
  45  4:25  Supply Depot  
  45  4:26  Marine  
  45  4:27  Supply Depot  
  46  4:42  Barracks  
  46  4:46  SCV x2, Medivac, Marine x4  
  46  4:48  Medivac, Marine  
  57  4:58  Supply Depot  
  57  5:13  Marine  
  57  5:14  Supply Depot, Marine x3  
  59  5:15  Supply Depot  
  59  5:17  Supply Depot  
  59  5:18  Factory Tech Lab  
  59  5:19  Marauder  
  63  5:29  Marine  
  63  5:30  Marine  
  63  5:31  Marine x2  
  63  5:32  Medivac  
  63  5:34  SCV  
  70  5:36  SCV  
  71  5:48  SCV x2  
  73  5:51  Marine  
  73  5:52  Marine x4  
  73  5:54  Combat Shields  
  78  6:00  SCV  
  78  6:01  SCV  
  69  6:17  Marine x5  
  69  6:18  Siege Tank  
  69  6:22  Liberator  
  69  6:23  Marauder  
  74  6:36  Marine x3  
  74  6:37  Marine  
  81  6:43  Command Center  
  81  6:45  Marauder  
  83  6:48  Refinery  
  83  6:50  Refinery  
  83  6:51  SCV x2, Factory  
  85  6:56  Marine x3  
  85  6:57  Marine  
  89  7:03  SCV x2  
  91  7:09  Engineering Bay  
  91  7:10  Armory  
  91  7:15  SCV x2  
  93  7:19  Terran Infantry Weapons Level 1  
  93  7:24  Marine x5  
  93  7:25  Marine  
  99  7:37  SCV x2  
  99  7:43  Factory Tech Lab  
  95  8:15  Command Center, Marine x6  
  101  8:29  Command Center  
  101  8:30  Supply Depot x2  
  101  8:31  Terran Infantry Armor Level 1, Supply Depot x2  
  101  8:38  Marauder  
  59  8:55  Marine x2  
  59  8:56  Marine x4  
  59  8:57  Medivac  
  59  8:58  Medivac  
  59  8:59  Marine  
  70  9:07  Starport  
  70  9:13  Marine x3  
  67  9:17  Marauder  
  67  9:21  Marine x3  
  67  9:24  Siege Tank x2  
  78  9:30  Orbital Command  
  78  9:31  Marine x2  
  78  9:34  SCV x2  
  82  9:46  SCV, Marine x5  
  82  9:49  Marine  
  89  9:53  Barracks  
  89  9:56  Barracks, Marine  
  89  9:58  Siege Tank  
  93  10:03  SCV x3, Marine  
  93  10:06  Orbital Command  
  97  10:07  Starport Tech Lab  
  97  10:10  Marine x2  
  97  10:11  Marine  
  100  10:14  Terran Infantry Weapons Level 2  
  100  10:15  SCV x2  
  100  10:16  SCV  
  103  10:34  Raven  
  105  10:35  Marine  
  105  10:36  Marine x2  
  105  10:37  Marine x2  
  105  10:38  Marauder  
  105  10:39  Siege Tank  
  115  10:53  Marine x3  
  115  10:57  Barracks Tech Lab  
  119  10:59  Barracks Tech Lab  
  119  11:02  SCV x4  
  119  11:03  Marine x3  
  119  11:04  Marine  
  126  11:05  Siege Tank  
  126  11:09  Medivac  
  126  11:10  Marine  
  132  11:14  SCV x2  
  134  11:21  Terran Infantry Armor Level 2  
  134  11:25  Refinery  
  134  11:28  Refinery  
  134  11:30  Refinery  
  134  11:34  SCV  
  134  11:38  SCV x2  
  134  11:39  SCV  
  138  11:43  Marine x5  
  138  11:44  Marine x3  
  138  11:45  Marauder  
  138  11:46  SCV, Siege Tank  
  152  12:02  Marauder x2  
  152  12:03  SCV x4  
  152  12:06  Marauder  
  162  12:13  Marine x2  
  164  12:24  Supply Depot x2  
  164  12:26  Supply Depot  
  164  12:27  Supply Depot  
  164  12:28  Supply Depot  
  164  12:30  Terran Infantry Weapons Level 3  
  164  12:45  Marine x4  
  164  12:46  Supply Depot, Marine x2, SCV x4, Marauder x3  
  164  12:48  Siege Tank x2  
  190  12:58  SCV x4  
  190  13:03  Marine x4  
  190  13:04  Marine x2  
  196  13:06  Marine x2  
  196  13:07  Marine  
  199  13:21  Marine  
  143  13:38  Marine x3  
  143  13:39  Marine x6  
  131  13:54  Medivac x3  
  137  13:56  Marine x4  
  137  13:57  Marine x5  
  146  14:14  Marine x2  
  148  14:24  Medivac  
  147  14:28  Orbital Command  
  121  14:42  Marine  
  121  14:43  Marine x4  
  114  14:47  Marine x4  
  114  14:50  Siege Tank x2  
  114  14:52  Medivac  
  119  14:53  Medivac  
  119  14:54  Medivac  
  121  15:00  Marine x2  
  120  15:13  Marine x6  
  118  15:14  Marauder  
  116  15:22  Siege Tank x2, Medivac  
  116  15:23  Medivac  
  124  15:29  Barracks x2  
  124  15:31  Factory, Barracks x2  
  124  15:32  Marauder x2  
  124  15:34  Factory, Barracks  
  124  15:35  Barracks  
  128  15:36  Factory, Marauder  
  130  15:43  Marine  
  130  15:44  Marine x5  
  130  15:47  Medivac  
  138  15:52  Medivac  
  138  15:53  Medivac, Widow Mine, Marauder x2  
  138  15:54  Command Center, Widow Mine  
  138  15:57  Marine  
  141  15:59  Command Center  
  141  16:01  Marine x2  
  140  16:10  Marine x3  
  140  16:11  Marine  
  144  16:14  Marine x3  
  146  16:19  Marine x2  
  146  16:23  Barracks Reactor x5  
  146  16:24  Barracks Tech Lab  
  148  16:28  Factory Tech Lab x3  
  148  16:29  Marine  
  148  16:30  Marine x3  
  148  16:32  Marine x3  
  154  16:37  Marine x2  
  156  16:46  Marine  
  157  16:47  Marine x3  
  157  16:48  Siege Tank x2, Marine  
  157  16:50  Marine  
  157  16:54  Refinery  
  148  17:39  Marine  
  148  17:40  Marine x8  
  148  17:41  Marine x6  
  148  17:42  Marine x5  
  168  17:57  Marine x3  
  168  17:58  Marine x2  
Show
View Real Time Build Order
Export as new Build Order

TriggerFish Zerg 

Build Orders: Hatch First, Lurkers 

Get SALT Encoding   

  12  0:01  Drone  
  13  0:10  Drone  
  14  0:38  Hatchery  
  14  0:40  Drone  
  14  0:56  Spawning Pool  
  13  0:57  Drone  
  13  1:02  Extractor  
  13  1:05  Drone  
  14  1:24  Overlord  
  14  1:42  Drone  
  14  1:43  Drone x2  
  14  1:44  Queen  
  19  1:52  Queen  
  21  1:56  Drone  
  21  2:01  Drone  
  23  2:04  Drone  
  24  2:12  Metabolic Boost  
  24  2:16  Zergling x2  
  24  2:20  Zergling x2  
  26  2:49  Drone x2  
  28  2:54  Overlord  
  28  2:59  Lair  
  28  3:00  Extractor  
  27  3:09  Drone  
  28  3:13  Hatchery  
  27  3:26  Drone  
  27  3:27  Drone x6  
  34  3:32  Spine Crawler  
  33  3:35  Drone  
  33  3:39  Drone  
  35  3:50  Drone  
  35  3:52  Roach Warren  
  35  3:53  Drone  
  36  3:58  Overlord  
  36  4:14  Overlord  
  36  4:24  Hydralisk Den  
  36  4:28  Queen  
  36  4:29  Zergling x2  
  36  4:30  Zergling x10  
  43  4:38  Drone x4  
  46  4:42  Drone  
  48  4:57  Spine Crawler  
  47  5:04  Pneumatized Carapace  
  47  5:06  Roach x5  
  57  5:15  Lurker Den  
  57  5:19  Spore Crawler  
  56  5:23  Spore Crawler  
  56  5:27  Overseer  
  55  5:30  Drone x3, Extractor  
  55  5:31  Drone  
  55  5:34  Extractor  
  55  5:35  Overlord  
  57  5:40  Spore Crawler  
  57  5:41  Drone x2  
  58  5:50  Overlord x2  
  57  6:26  Roach x12  
  57  6:31  Drone  
  82  6:38  Overlord x2  
  82  6:39  Overlord  
  82  6:45  Extractor  
  81  6:47  Spore Crawler  
  81  6:52  Spore Crawler  
  79  6:56  Hydralisk x2  
  83  7:07  Drone  
  83  7:08  Drone x4  
  88  7:11  Glial Reconstitution  
  88  7:35  Hydralisk x5  
  65  8:12  Lurker x5  
  62  8:13  Hydralisk  
  62  8:14  Hydralisk x2  
  68  8:29  Zergling x14  
  68  8:31  Spine Crawler  
  68  8:32  Spine Crawler x2  
  65  8:48  Zergling x12  
  70  9:01  Zergling x2  
  70  9:02  Zergling x8  
  73  9:18  Hydralisk  
  73  9:19  Hydralisk x4  
  83  9:30  Drone x3  
  86  9:34  Spore Crawler  
  85  9:39  Spore Crawler  
  85  9:43  Drone x3  
  87  10:03  Spore Crawler  
  87  10:06  Drone x6  
  92  10:12  Infestation Pit  
  92  10:13  Drone  
  92  10:20  Drone x3  
  95  10:32  Spire  
  94  10:37  Drone x4  
  94  10:38  Drone, Extractor  
  98  11:02  Hydralisk x4  
  106  11:13  Overlord x7  
  106  11:21  Hive  
  106  11:27  Spore Crawler  
  106  11:29  Spore Crawler  
  104  11:36  Drone  
  104  11:37  Drone x7  
  112  11:47  Corruptor x2  
  116  12:08  Corruptor x2  
  120  12:16  Hatchery  
  119  12:29  Mutalisk x2  
  119  12:30  Mutalisk x5  
  119  12:35  Greater Spire  
  133  12:46  Evolution Chamber  
  133  12:48  Evolution Chamber  
  133  12:50  Evolution Chamber  
  133  12:51  Roach x4  
  75  13:44  Zergling x8  
  75  13:45  Zergling x24  
  82  13:50  Zergling x4  
  84  13:57  Brood Lord x4  
  84  13:59  Zergling x4  
  94  14:04  Spore Crawler  
  94  14:05  Queen  
  94  14:06  Spine Crawler  
  94  14:09  Zerg Flyer Weapons Level 1  
  93  14:38  Mutalisk x7  
  84  14:52  Zergling x12  
  88  14:57  Zergling x4  
  90  15:14  Zergling x14  
  95  15:32  Corruptor x2  
  99  15:42  Drone x5  
  104  16:01  Overlord, Corruptor  
  104  16:02  Corruptor  
  104  16:03  Zerg Flyer Armor Level 1  
  108  16:12  Zergling x10  
  108  16:17  Zerg Melee Weapons Level 1  
  113  16:20  Zerg Missile Weapons Level 1  
  113  16:26  Zerg Ground Armor Level 1  
  113  16:36  Extractor  
  113  16:39  Extractor  
  111  16:40  Spore Crawler  
  111  16:43  Spore Crawler, Queen  
  111  16:57  Brood Lord x2  
  115  17:01  Hydralisk x2  
  82  17:24  Mutalisk x5  
  78  17:32  Zergling x2  
  78  17:33  Zergling x10  
  57  17:46  Hydralisk  
  57  17:47  Hydralisk x4  
Tags
 
Add a new tag
Caveats
  • Supply blocks, unpowered buildings, or Contaminate may cause inaccurate times.
  • Supply counts are checked every 10 seconds.